 Dungeon Crawl Stone Soup version 0.21-a0-417-g0adc95b (webtiles) character file.

38 KristoblXynda the Slasher (level 3, 0/30 HPs)
             Began as a Draconian Gladiator on Nov 3, 2017.
             Was an Initiate of Ashenzari.
             Slain by a kobold (1 damage)
             ... on level 2 of the Dungeon.
             The game lasted 00:02:07 (501 turns).

KristoblXynda the Slasher (Draconian Gladiator)      Turns: 501, Time: 00:02:08

Health: 0/30       AC:  6    Str: 17    XL:     3   Next: 25%
Magic:  3/3        EV: 13    Int:  8    God:    Ashenzari [......]
Gold:   76         SH:  0    Dex: 12    Spells: 2/2 levels left

rFire    . . .     SeeInvis .   a - +0 long sword
rCold    . . .     Gourm    .   (no shield)
rNeg     . . .     Faith    .   (armour unavailable)
rPois    .         Spirit   .   b - +1 hat
rElec    .         Reflect  .   (no cloak)
rCorr    .         Harm     .   (no gloves)
MR       .....                  (no boots)
Stlth    +.........             (no amulet)
HPRegen  0.10/turn              (no ring)
MPRegen  0.08/turn              (no ring)

@: flying
A: unfitting armour, cold-blooded, AC +5
a: Curse Item, Renounce Religion


You were on level 2 of the Dungeon.
You worshipped Ashenzari.
Ashenzari was noncommittal.
You were not hungry.

You visited 1 branch of the dungeon, and saw 2 of its levels.

You collected 76 gold pieces.

Inventory:

Hand Weapons
 a - a +0 long sword (weapon)
Missiles
 c - 3 throwing nets (quivered)
Armour
 b - a +1 hat (worn)
Scrolls
 h - 3 scrolls of remove curse
Comestibles
 d - a bread ration


   Skills:
 + Level 2.6 Fighting
 + Level 3.5 Long Blades
 - Level 2.0 Throwing
 + Level 3.2 Dodging


You had 2 spell levels left.
You didn't know any spells.

Dungeon Overview and Level Annotations

Branches:
Dungeon (2/15)

Altars:
Ashenzari
Zin


Innate Abilities, Weirdness & Mutations

Your plain brown scales are hard. (AC +5)
You cannot fit into any form of body armour.
You are cold-blooded and may be slowed by cold attacks.


Message History

Unknown command.
Unknown command.
There is a stone staircase leading down here.
It was a potion of flight.
You feel very buoyant.
You fly up into the air.
The kobold hits you.
* * * LOW HITPOINT WARNING * * *
You hit the kobold.
The kobold is moderately wounded.
The kobold barely misses you.
You hit the kobold.
The kobold is severely wounded.
The kobold hits you but does no damage. x2
You barely miss the kobold.
The kobold is severely wounded.
The kobold hits you but does no damage.
You barely miss the kobold.
The kobold is severely wounded.
The kobold hits you.
You die...

**,,,,,* #8...8# ,,,,,,,*
##...## **,,,,,* ##.###
**,>,** ##∩#.### **,,****
#....∩.#### **,,,,,,**
##∩#.#....# ,,,**,*,,**
#####.######.# **,*,**,,.***
#.##...##....#
*,**,*,,..,*###@#8...8###..#
**,*,**,,...##.#K##...##
#..#
**,,,,,,,......$s###_###
#..#
,,,,,,**,....?...#####.#
#..####
,,,,,****........†..)..#
#.....# ,***,*
*###.....###.### #.###.# ,*
*,* ##...)# #.# #.# #s#* ,*
*,* ##.#.###.#####.###..,
,***,***
#.#.##$.....@......#


You could see a giant cockroach and a kobold.

Vanquished Creatures
  Terence (D:2)
  A leopard gecko (D:2)
  3 goblins (D:1)
  2 hobgoblins
  A bat (D:2)
  4 kobolds (D:1)
12 creatures vanquished.

Notes
Turn   | Place    | Note
-------+----------+-------------------------------------------
     0 | D:1      | KristoblXynda the Draconian Gladiator began the quest for the Orb.
     0 | D:1      | Reached XP level 1. HP: 17/17 MP: 1/1
   273 | D:1      | Reached XP level 2. HP: 16/24 MP: 2/2
   424 | D:2      | Found a shattered altar of Ashenzari.
   432 | D:2      | Found a glowing silver altar of Zin.
   448 | D:2      | Became a worshipper of Ashenzari the Shackled
   468 | D:2      | Noticed Terence
   490 | D:2      | HP: 1/24 [leopard gecko/exploding inner flame[the player character] (12)]
   490 | D:2      | Killed Terence
   490 | D:2      | Reached XP level 3. HP: 1/30 MP: 3/3
   497 | D:2      | HP: 1/30 [kobold (1)]
   501 | D:2      | Slain by a kobold

Vault maps used:
D:1:      tarquinn_simple_flora_water_b
D:2:      amethyst_overflow_temple_binary, first_bread, minmay_misc_feat_tiny,
          nicolae_gozag_seed_capital, uniq_terence, uniq_jessica

Skill      XL: |  1  2 |
---------------+-------+-----
Throwing       | 2 |  2.0
Dodging        | 3 |  3.2
Fighting       | |  2.6
Long Blades    | |  3.5

Action                   || total
-------------------------++-------
Melee: Long sword        ||    23
       Tailslap          ||     1
  Use: Scroll            ||     5
       Potion            ||     1
 Stab: Sleeping          ||     1
Armor: Skin              ||     7
Dodge: Dodged            ||    15
       Rpst.: Long sword ||     3

Table legend:
 A = Spawn XP
 B = Non-spawn XP
 C = Spawn XP percentage of total XP
 D = Spawn monster count
 E = Non-spawn monster count
 F = Spawn count percentage of total count
 G = Total turns spent on level
                    A         B        C        D         E        F      G
               +---------+---------+-------+---------+---------+-------+---------
         Total |       0 |      55 |   0.0 |       0 |      12 |   0.0 |   501
               +---------+---------+-------+---------+---------+-------+---------
           D:1 |       0 |      13 |   0.0 |       0 |       8 |   0.0 |   424
           D:2 |       0 |      42 |   0.0 |       0 |       4 |   0.0 |    77
               +---------+---------+-------+---------+---------+-------+---------
